 Dungeon Crawl Stone Soup version 0.22-a0-580-gd5db89c (webtiles) character file.

248 Darkshadow the Skirmisher (level 5, -3/48 HPs)
             Began as a Minotaur Berserker on July 1, 2018.
             Was a Priest of Trog.
             Slain by an orc
             ... wielding a +0 war axe
              (4 damage)
             ... on level 4 of the Dungeon.
             The game lasted 00:07:41 (3373 turns).

Darkshadow the Skirmisher (Minotaur Berserker)      Turns: 3373, Time: 00:07:42

Health: -3/48      AC: 10    Str: 22    XL:     5   Next: 86%
Magic:  4/4        EV:  9    Int:  4    God:    Trog [***...]
Gold:   141        SH:  0    Dex: 10    Spells: 4/4 levels left

rFire    . . .     SeeInvis .   a - +0 hand axe
rCold    . . .     Gourm    .   (no shield)
rNeg     . . .     Faith    .   m - +1 chain mail
rPois    .         Spirit   .   (helmet restricted)
rElec    .         Reflect  .   (no cloak)
rCorr    .         Harm     .   (no gloves)
MR       .....                  (no boots)
Stlth    ..........             (no amulet)
HPRegen  0.16/turn              (no ring)
MPRegen  0.09/turn              (no ring)

@: no status effects
A: retaliatory headbutt, horns 2
a: Berserk, Trog's Hand, Renounce Religion


You were on level 4 of the Dungeon.
You worshipped Trog.
Trog was most pleased with you.
You were near starving.

You visited 1 branch of the dungeon, and saw 4 of its levels.

You collected 141 gold pieces.

Inventory:

Hand Weapons
 a - a +0 hand axe (weapon)
Missiles
 d - 85 stones (quivered)
 e - 63 sling bullets
Armour
 b - a +0 animal skin
 m - a +1 chain mail (worn)
Jewellery
 k - an uncursed amulet of rage {unknown}
 n - an uncursed ring of protection from cold {unknown}
 s - a cursed ring of loudness {unknown}
Scrolls
 f - 2 scrolls of identify {@r1}
 i - 2 scrolls of teleportation
 j - 3 scrolls of enchant armour
 l - a scroll of amnesia
Potions
 g - a potion of resistance {unknown}
 h - a potion of lignification
 o - a potion of flight {unknown}
 p - a potion of ambrosia {unknown}
 t - a potion of might {unknown}
Comestibles
 c - 4 rations


   Skills:
 + Level 5.1 Fighting
 + Level 5.0 Axes
 + Level 4.2 Armour
 + Level 3.8 Dodging


You had 4 spell levels left.
You didn't know any spells.
Your spell library was empty.

Dungeon Overview and Level Annotations

Branches:
Dungeon (4/15)
 Temple: D:4-7

Altars:
Elyvilon
Gozag
Trog
Wu Jian
The Shining One

Annotations:
D:3 1 runed door, Delateral's ghost, weakling FeEn


Innate Abilities, Weirdness & Mutations

You reflexively headbutt those who attack you in melee.
You have a pair of horns on your head.


Message History

You barely miss the orc.
Your chain mail prevents you from hitting the orc.
The orc priest invokes the aid of Beogh against you.
Beogh smites you!
* * * LOW HITPOINT WARNING * * *
The orc hits you but does no damage. x2
The orc priest hits you but does no damage.
You barely miss the orc priest.
You headbutt the orc priest, but do no damage.
The orc priest is moderately wounded.
You hit the orc but do no damage.
Your chain mail prevents you from hitting the orc.
The orc priest mumbles some strange prayers to Beogh against you.
Beogh smites you!
* * * LOW HITPOINT WARNING * * *
The orc hits you.
* * * LOW HITPOINT WARNING * * *
The orc priest hits you but does no damage.
The orc hits you with a war axe.
You die...

................................>
###.........##<..................
###.#####.#########+####.######
.... .......#.....# #.######
###.## ##.##.........###.......
#.# #.##.........#.......## #..
...+.........#..#.#..# .##
#.##...$###.##......##
#..@.##......#.#.#
#.ooo##..........#
#..Zo##.......####
#....##.......# #....##.......#
.....##.......# ...............#
.#.....##.......#


You could see 2 orc priests, 2 orcs and a bullfrog skeleton.

Vanquished Creatures
  Terence (D:3)
  A hound skeleton (D:4)
  Robin (D:3)
  4 gnolls (D:2)
  5 adders
  6 worms
  3 dart slugs
  2 leopard geckos
  2 orcs
  8 bats
  6 giant cockroaches
  16 goblins
  5 hobgoblins
  3 jackals (D:3)
  2 quokkas (D:2)
  A frilled lizard (D:2)
  6 kobolds
  A quokka skeleton (D:3)
  23 rats
96 creatures vanquished.

Notes
Turn   | Place    | Note
-------+----------+-------------------------------------------
     0 | D:1      | Darkshadow the Minotaur Berserker began the quest for the Orb.
     0 | D:1      | Reached XP level 1. HP: 19/19 MP: 0/0
    35 | D:1      | Reached XP level 2. HP: 23/27 MP: 1/1
   335 | D:1      | Reached ** piety under Trog
   454 | D:1      | Reached XP level 3. HP: 33/33 MP: 2/2
  1406 | D:2      | Reached XP level 4. HP: 27/41 MP: 3/3
  1571 | D:2      | Found a glowing golden altar of the Shining One.
  1630 | D:2      | HP: 1/41 [gnoll/spear of piercing (3)]
  2230 | D:2      | Found an ornate altar of the Wu Jian Council.
  2243 | D:2      | Found an opulent altar of Gozag.
  2246 | D:2      | Found a white marble altar of Elyvilon.
  2277 | D:3      | Reached XP level 5. HP: 47/47 MP: 4/4
  2298 | D:3      | Found a runed door.
  2300 | D:3      | Noticed Delateral's ghost (weakling FeEn)
  2447 | D:3      | Noticed Robin
  2460 | D:3      | Reached *** piety under Trog
  2470 | D:3      | Killed Robin
  2586 | D:3      | Found a bloodstained altar of Trog.
  2660 | D:3      | Found a white marble altar of Elyvilon.
  2773 | D:3      | Found a faded altar of an unknown god.
  3099 | D:3      | Noticed Terence
  3117 | D:3      | Killed Terence
  3117 | D:3      | Reached skill level 5 in Fighting
  3285 | D:4      | Reached skill level 5 in Axes
  3373 | D:4      | HP: 2/48 [orc priest/divine providence (11)]
  3373 | D:4      | Slain by an orc

Vault maps used:
D:1:      erik_arrival_orb_chamber, minmay_pentomino_t4
D:2:      nicolae_overflow_hidden_temple, lemuel_round_altar,
          minmay_overflow_temple_star_quad, minmay_misc_feat_alley
D:3:      lemuel_coloured_pillars_altar, ebering_ghost_sewer_d,
          chequers_ecumenical_altar_twisty, st_stairs_7, kennysheep_nondescript,
          hangedman_decor_diamond_cutter, elyvilon_altar_1, uniq_robin,
          uniq_terence
D:4:      kennysheep_mini_moat, first_ration, serial_glass, glass_columns_a,
          glass_columns_a, uniq_sigmund

Skill      XL: |  1  2  3  4  5 |
---------------+----------------+-----
Fighting       | 4 5 |  5.1
Axes           | 4 5 |  5.0
Armour         | 3 4 |  4.2
Dodging        | 3 |  3.8

Action                   |  1- 3 |  4- 6 || total
-------------------------+-------+-------++-------
Melee: Hand axe          |    95 |   133 ||   228
       Headbutt          |     5 |    27 ||    32
Throw: Stone             |    14 |       ||    14
Invok: Berserk           |       |     2 ||     2
  Use: Scroll            |       |     6 ||     6
 Stab: Sleeping          |     2 |     1 ||     3
  Eat: Chunk             |     1 |     7 ||     8
Armor: Animal skin       |    15 |     3 ||    18
       Chain mail        |       |    54 ||    54
Dodge: Dodged            |    58 |    61 ||   119

Table legend:
 A = Spawn XP
 B = Non-spawn XP
 C = Spawn XP percentage of total XP
 D = Spawn monster count
 E = Non-spawn monster count
 F = Spawn count percentage of total count
 G = Total turns spent on level
                    A         B        C        D         E        F      G
               +---------+---------+-------+---------+---------+-------+---------
         Total |       0 |     355 |   0.0 |       0 |      96 |   0.0 |  3373
               +---------+---------+-------+---------+---------+-------+---------
           D:1 |       0 |      52 |   0.0 |       0 |      34 |   0.0 |   797
           D:2 |       0 |     140 |   0.0 |       0 |      28 |   0.0 |  1476
           D:3 |       0 |     127 |   0.0 |       0 |      31 |   0.0 |  1023
           D:4 |       0 |      36 |   0.0 |       0 |       3 |   0.0 |    77
               +---------+---------+-------+---------+---------+-------+---------
